 Dungeon Crawl Stone Soup version 0.31-a0-246-g8cbcc1cb85 (webtiles) character file.

Game seed: 13807503604766153433

60 LobsterGuardian the Grave Robber (level 3, -3/24 HPs)
             Began as a Demonspawn Necromancer on July 13, 2023.
             Slain by Ijyb
             ... wielding a +0 dagger
              (4 damage)
             ... on level 3 of the Dungeon.
             The game lasted 00:03:51 (2911 turns).

LobsterGuardian the Grave Robber (DsNe)             Turns: 2911, Time: 00:03:51

Health: -3/24      AC:  2    Str:  8    XL:     3   Next: 82%
Magic:  0/6        EV: 12    Int: 18    God:
Gold:   108        SH:  0    Dex: 13    Spells: 3/7 levels left

rFire   . . .        i - +2 dagger (vamp)
rCold   . . .        (no shield)
rNeg    . . .        a - +0 robe
rPois   .            (no helmet)
rElec   .            (no cloak)
rCorr   .            (no gloves)
SInv    .            (no boots)
Will    .....        (no amulet)
Stlth   ++           (no ring)
HPRegen 0.24/turn    (no ring)
MPRegen 0.10/turn

%: no passive effects
@: no status effects
A: spiny 1, weakness stinger 1
a: no special abilities


You were on level 3 of the Dungeon.
You visited 1 branch of the dungeon, and saw 3 of its levels.

You collected 108 gold pieces.

Inventory:

Hand Weapons
 i - a +2 vampiric dagger (weapon)
Missiles
 f - a throwing net
Armour
 a - a +0 robe (worn)
Jewellery
 e - a +5 ring of evasion
Scrolls
 g - a scroll of fog
 k - 2 scrolls of teleportation {unknown}
Potions
 b - a potion of magic
 j - a potion of degeneration


   Skills:
 + Level 1.8 Dodging
 - Level 1.7 Stealth
 + Level 2.6 Spellcasting
 * Level 5.6 Necromancy


You had 3 spell levels left.
You knew the following spells:

 Your Spells              Type           Power      Damage    Failure   Level
a - Necrotise             Necr           88%        1d8       1%          1
b - Vampiric Draining     Necr           22%        2d7       4%          3

Your spell library contained the following spells:

 Spells                   Type           Power      Damage    Failure   Level
 Animate Dead             Necr           22%        N/A       17%         4
 Agony                    Necr           22%        N/A       43%         5


Dungeon Overview and Level Annotations

Branches:
Dungeon (3/15)

Altars:

Shops:
D:2 :

Annotations:
D:3 Ijyb


Innate Abilities, Weirdness & Mutations

You are partially covered in sharp spines.
You have a small tail.


Message History

Ijyb hits you with a +0 dagger.
You closely miss Ijyb.
Ijyb zaps a wand.
The puff of flame hits you!
You are too injured to fight recklessly!
Casting: Necrotise (safe; 1% risk of failure)
Confirm with . or Enter, or press ? or * to list all spells.
The spell is quite dangerous to miscast (4% risk of failure)!
Continue anyway?
Aiming: Vampiric Draining (quite dangerous; 4% risk of failure)
Press: ? - help, Shift-Dir - straight line, f - Ijyb
Aim: Ijyb, wielding a +0 dagger, wearing a +0 scale mail and carrying a wand of flame You draw life force from Ijyb!
You feel life coursing into your body.
Ijyb screams, "Level is mine!
All mine!"
Ijyb barely misses you.
Casting: Vampiric Draining (quite dangerous; 4% risk of failure)
Confirm with . or Enter, or press ? or * to list all spells.
The spell is quite dangerous to miscast (4% risk of failure)!
Continue anyway?
Aiming: Vampiric Draining (quite dangerous; 4% risk of failure)
Press: ? - help, Shift-Dir - straight line, f/p - Ijyb
Aim: Ijyb, wielding a +0 dagger, wearing a +0 scale mail and carrying a wand of flame (moderately wounded)
You draw life force from Ijyb!
You feel life coursing into your body. Ijyb hits you with a +0 dagger.
Unknown command.
You completely miss Ijyb.
Ijyb is severely wounded.
Ijyb hits you with a +0 dagger.
You hit Ijyb but do no damage.
Ijyb is severely wounded.
Ijyb hits you with a +0 dagger.
You barely miss Ijyb.
Ijyb is severely wounded.
Ijyb zaps a wand.
The puff of flame hits you!
* * * LOW HITPOINT WARNING * * *
You feel better.
Ijyb zaps a wand.
The puff of flame hits you!
* * * LOW HITPOINT WARNING * * *
Unknown command.
As you read the scroll of summoning, it crumbles to dust.
Wisps of shadow whirl around you... Ijyb closely misses you.
Unknown command.
Okay, then.
Ijyb attacks as you move away! Ijyb hits you with a +0 dagger.
You die... #### #Sg

#g# #@#
..####.#####
.......og...#
.######.###.###
#........#.#
#..........#
#.####.#.### #.
#.>.#.# #.
#.###.#


You could see Ijyb (ally target), a friendly orc (summoned), 2 friendly goblins
and a friendly ball python (summoned).

Vanquished Creatures
  An adder (D:2)
  A worm (D:2)
  A dart slug (D:1)
  3 ball pythons (D:1)
  6 endoplasms
  4 giant cockroaches
  4 goblins
  6 hobgoblins
  A kobold (D:1)
  3 quokkas (D:2)
  4 bats
  A frilled lizard (D:1)
  6 rats
41 creatures vanquished.

Vanquished Creatures (collateral kills)
  A ball python (D:1)
1 creature vanquished.

Grand Total: 42 creatures vanquished

Notes
Turn   | Place    | Note
-------+----------+-------------------------------------------
     0 | D:1      | LobsterGuardian the Demonspawn Necromancer began the quest
                  | for the Orb.
     0 | D:1      | Reached XP level 1. HP: 13/13 MP: 3/3
   615 | D:1      | Gained mutation: You are partially covered in sharp spines.
                  | [demonic ancestry]
   615 | D:1      | Reached XP level 2. HP: 19/19 MP: 0/5
   812 | D:1      | Reached skill level 5 in Necromancy
  1722 | D:2      | Gained mutation: You have a small tail. [demonic ancestry]
  1722 | D:2      | Reached XP level 3. HP: 24/24 MP: 2/6
  1726 | D:2      | Learned a level 3 spell: Vampiric Draining
  2399 | D:2      | Found Nonker's Book Boutique.
  2900 | D:3      | Noticed Ijyb
  2908 | D:3      | HP: 1/24 [Ijyb/puff of flame (9)]
  2911 | D:3      | Slain by Ijyb

Illustrated notes

Levels and vault maps discovered:
D:1:      wheals_arrival_shading, layout_basic, serial_co_window_serial,
          co_window_of_opportunity_a, co_window_paths_b, co_window_corner_a,
          co_window_corner_a, co_window_corner_a, co_window_corner_b,
          co_window_corner_cb, co_window_corner_b, co_window_2corner,
          co_window_of_opportunity_b, co_window_corner_b, co_window_paths_d,
          glass_columns_c, glass_columns_c
D:2:      layout_basic, basic_altar, serial_shops, shop_fountains
D:3:      layout_loops_corners, mainiacjoe_overflow_surrounded_room,
          serial_rivers, chequers_serial_rivers_micro_c,
          chequers_serial_rivers_small_a, chequers_serial_rivers_marsh,
          chequers_serial_rivers_room_b, chequers_serial_rivers_room_a,
          uniq_robin, uniq_crazy_yiuf_cottage, uniq_ijyb

Skill      XL: |  1  2 |
---------------+-------+-----
Necromancy     | 5 |  5.6
Dodging        | |  1.8
Stealth        | |  1.7
Spellcasting   | |  2.6

Action                     || total
---------------------------++-------
  Melee: Unarmed           ||    17
         Dagger            ||     6
   Cast: Necrotise         ||    72
         Vampiric Draining ||     2
    Use: Scroll            ||     5
         Potion            ||     1
   Stab: Sleeping          ||     1
 Armour: Robe              ||     8
  Dodge: Dodged            ||    22

Table legend: (Time is in decaauts)
 A = Elapsed time spent in this place.
 B = Non-inter-level travel time spent in this place.
 C = Inter-level travel time spent in this place.
 D = Time resting spent in this place.
 E = Time spent auto-exploring this place.
 F = Levels seen in this place.
 G = Mean time per level.
                   A        B        C        D        E       F      G
               +--------+--------+--------+--------+--------+-----+--------+
         Total |   2910 |   2704 |    206 |      0 |   2440 |   3 |  970.0 |
       Dungeon |   2910 |   2704 |    206 |      0 |   2440 |   3 |  970.0 |
               +--------+--------+--------+--------+--------+-----+--------+

Top non-repeatable levels by time:
     D:1: 1755 daAuts
     D:2: 1127 daAuts
     D:3: 27 daAuts
